 Dungeon Crawl Stone Soup version 0.31.0-11-ge490571c62 (webtiles) character file.

Game seed: 13936895826037283455

35956 ImmortalVenerable the Impaler (level 13, -15/119 HPs)
             Began as a Minotaur Fighter on Feb 2, 2024.
             Was a Follower of Yredelemnul.
             Demolished by a death yak (26 damage)
             ... on level 4 of the Lair of Beasts on Feb 3, 2024.
             The game lasted 00:52:19 (13012 turns).

ImmortalVenerable the Impaler (Minotaur Fighter)   Turns: 13012, Time: 00:52:19

Health: -15/119    AC:  7    Str: 24    XL:     13   Next: 50%
Magic:  13/13      EV: 15    Int:  5    God:    Yredelemnul [*.....]
Gold:   473        SH:  0    Dex: 12    Spells: 12/12 levels left

rFire   . . .        E - +4 halberd (drain)
rCold   . . .        (shield currently unavailable)
rNeg    . . .        P - +2 leather armour {rPois}
rPois   +            (helmet restricted)
rElec   .            (no cloak)
rCorr   .            Y - +0 pair of gloves
SInv    .            (no boots)
Will    +....        h - amulet of regeneration
Stlth   +            u - ring of willpower
HPRegen 1.19/turn    V - ring of poison resistance
MPRegen 0.13/turn

%: no passive effects
@: no status effects
A: horns 2, retaliatory headbutt
a: Renounce Religion, Recall Undead Harvest


You were on level 4 of the Lair of Beasts.
You worshipped Yredelemnul.
Yredelemnul was noncommittal.
You visited 2 branches of the dungeon, and saw 15 of its levels.
You also visited: Bailey.

You collected 746 gold pieces.
You spent 273 gold pieces at shops.

Inventory:

Hand Weapons
 a - a +2 trident of draining
 C - a +2 halberd of electrocution
 E - a +4 halberd of draining (weapon)
 Z - a +0 arbalest
Missiles
 e - 95 stones
 g - 10 javelins (quivered)
 z - 19 poisoned darts
 H - 2 throwing nets
Armour
 b - a +1 scale mail
 n - an orb of mayhem
 P - a +2 leather armour of poison resistance (worn)
 Y - a +0 pair of gloves (worn)
Jewellery
 h - an amulet of regeneration (around neck)
 i - an amulet of reflection
 m - an amulet of the acrobat
 u - a ring of willpower (left hand)
 v - an amulet of guardian spirit
 V - a ring of poison resistance (right hand)
 W - a +6 ring of dexterity
Talismans
 d - a flux talisman
Wands
 o - a wand of iceblast (6)
 r - a wand of flame (23)
 s - a wand of digging (12)
 t - a wand of polymorph (5)
 Q - a wand of acid (10)
Scrolls
 c - a scroll of silence
 f - 4 scrolls of revelation
 j - 2 scrolls of vulnerability
 k - 4 scrolls of teleportation
 B - 2 scrolls of fear
 J - 3 scrolls of blinking
 L - 2 scrolls of fog
 M - 2 scrolls of immolation
 T - a scroll of poison
 X - 3 scrolls of identify
Potions
 l - a potion of resistance
 p - a potion of haste
 q - 2 potions of magic {unknown}
 w - 5 potions of lignification
 A - 2 potions of degeneration
 D - 5 potions of heal wounds
 F - a potion of cancellation
 G - 3 potions of brilliance {unknown}
 I - 4 potions of invisibility {unknown}
 K - 2 potions of berserk rage
 O - 3 potions of curing {unknown}
 R - a potion of ambrosia {unknown}


   Skills:
 - Level 12.4 Fighting
 - Level 16.9 Polearms
 - Level 14.5 Ranged Weapons
 + Level 8.6 Armour
 + Level 9.4 Dodging
 - Level 3.6 Shields
 + Level 2.0 Invocations
 - Level 6.0 Evocations


You had 12 spell levels left.
You didn't know any spells.
Your spell library contained the following spells:

 Spells                   Type           Power      Damage    Failure   Level
 Apportation              Tloc           0%         N/A       52%         1
 Freeze                   Ice            0%         1d3       52%         1
 Necrotise                Necr           0%         1d4       52%         1
 Cigotuvi's Dreadful Rot  Necr/Alch/Air  0%         N/A       65%         2
 Ensorcelled Hibernation  Hex/Ice        0%         N/A       65%         2
 Jinxbite                 Hex            0%         N/A       65%         2
 Call Canine Familiar     Summ           0%         N/A       87%         3
 Frozen Ramparts          Ice            0%         1d1       87%         3
 Hailstorm                Conj/Ice       0%         3d5       87%         3
 Inner Flame              Hex/Fire       0%         N/A       87%         3
 Passwall                 Erth           0%         N/A       87%         3
 Sigil of Binding         Hex            0%         N/A       87%         3
 Swiftness                Air            0%         N/A       87%         3
 Vampiric Draining        Necr           0%         2d6       87%         3
 Dimensional Bullseye     Hex/Tloc       0%         N/A       99%         4
 Dispel Undead            Necr           0%         3d6       99%         4
 Martyr's Knell           Necr/Summ      0%         N/A       99%         4
 Alistair's Intoxication  Alch           0%         N/A       100%        5
 Curse of Agony           Necr           0%         N/A       100%        5
 Irradiate                Conj/Alch      0%         3d11      100%        5
 Ignition                 Fire           0%         3d3       100%        8
 Death Channel            Necr           Unusable   N/A       N/A         6

Dungeon Overview and Level Annotations

Branches:
Dungeon (10/15)            Temple (0/1) D:6            Lair (5/5) D:10
  Swamp (0/4) Lair:3       Spider (0/4) Lair:2          Orc (0/2) D:10
 Bailey (visited)
  Slime: Lair:4-5

Altars:
Cheibriados
Dithmenos
Gozag
Kikubaaqudgha
Okawaru
Uskayaw
Yredelemnul

Shops:
D:6 *   D:10 =


Innate Abilities, Weirdness & Mutations

You have a pair of horns on your head.
You reflexively headbutt those who attack you in melee.


Message History

Your komodo dragon zombie bites the death yak!
The death yak attacks as it pursues you!
The death yak misses you.
The death yak attacks as it pursues you!
The death yak closely misses you.
There is a stone staircase leading up, spattered with blood here.
The death yak gores you but does no damage.
The death yak barely misses you. You furiously retaliate!
You headbutt the death yak, but do no damage.
You climb upwards.
There is a stone staircase leading down, spattered with blood here.
The death yak attacks as it pursues you!
The death yak gores you!
* * * LOW HITPOINT WARNING * * *
You hit the death yak. You drain the death yak.
The death yak is almost dead.
You slice the death yak!!
You kill the death yak!
The dead are walking!
The death yak gores you!
* * * LOW HITPOINT WARNING * * *
Your Invocations skill increases to level 2!
You feel much better. The death yak gores you!
* * * LOW HITPOINT WARNING * * *
You slash the death yak! You headbutt the death yak.
The death yak is lightly wounded.
The death yak gores you!
* * * LOW HITPOINT WARNING * * *
You slash the death yak!
The death yak is moderately wounded.
You hit the death yak but do no damage.
The death yak is moderately wounded.
The death yak gores you!
* * * LOW HITPOINT WARNING * * *
Your death yak zombie gores the death yak!
You puncture the death yak!
You headbutt the death yak, but do no damage.
The death yak is heavily wounded.
The death yak gores you!!
You die...
Your body rises from the dead as a mindless zombie.

....P.............##
..................P#
.......P..#.###.P.##
...........#.#.....#
#>.................#
#.....##.P.........#
#..................#
#.....##.≈#.....ZY.#
#...Z..#≈§§#<.##@###
##..#.#..§#.ZZP###
##..#......ZZ.##
........#..ZZ##
.#..#.#.#....#
.........##ZZ#
............Z##
.######....ZZ.#
..###.......ZZ##


You could see a death yak (ally target) and a friendly death yak zombie.

Vanquished Creatures
  4 hydras
  2 two-headed ogres
  4 death yaks
  Urug (Lair:4)
  The ghost of yentook the Trooper, a novice MiBe of Trog (D:7)
  A lindwurm (Lair:3)
  A meliai (Lair:1)
  2 black mambas
  6 elephants (Lair:4)
  Maggie (Lair:2)
  8 cane toads
  3 rime drakes (Lair:3)
  5 komodo dragons
  A hornet (D:10)
  4 polar bears
  Prince Ribbit (D:8)
  7 blink frogs
  5 dream sheep (Lair:4)
  Sigmund (D:4)
  16 yaks
  A basilisk (Lair:3)
  4 wyverns (Lair:3)
  A wraith (D:10)
  A vampire (D:10)
  A fire bat (Lair:2)
  A steam dragon (D:10)
  9 water moccasins
  9 orc warriors
  A swamp drake (Lair:3)
  3 black bears
  2 ice beasts
  2 sky beasts
  5 wolves (Lair:1)
  4 centaurs
  A kobold brigand (D:9)
  9 bullfrogs
  7 wights (D:7)
  7 killer bees
  A howler monkey (D:7)
  A crimson imp (D:7)
  2 hounds (D:6)
  3 jellies
  2 bombardier beetles
  2 sleepcaps
  A gnoll bouda (D:9)
  5 orc priests
  An iguana (Lair:3)
  10 orc wizards
  11 gnolls
  4 river rats (D:10)
  6 adders
  A shadow imp (D:8)
  A white imp (D:7)
  3 dart slugs (D:2)
  3 ribbon worms
  54 orcs
  A bat (D:3)
  5 endoplasms
  2 giant cockroaches
  4 goblins
  6 hobgoblins
  12 jackals
  7 kobolds
  5 quokkas
  9 ball pythons
  2 frilled lizards
  7 rats
313 creatures vanquished.

Vanquished Creatures (collateral kills)
  Fannar (Lair:2)
  2 death yaks (Lair:3)
  4 elephants (Lair:4)
  A cane toad (Lair:2)
  A rime drake (Lair:4)
  2 komodo dragons (Lair:2)
  3 polar bears
  8 blink frogs
  2 fire bats (Lair:2)
  3 yaks
  2 wyverns
  Grum (Lair:1)
  A basilisk (Lair:4)
  A water moccasin (Lair:4)
  A black bear (D:8)
  A centaur (D:9)
  3 bullfrogs
  A wight (D:7)
  A howler monkey (D:6)
  A jelly (D:6)
  An orc priest (D:5)
  A howler monkey zombie (D:7)
  An adder (D:6)
  8 orcs
  A goblin (D:8)
  A hobgoblin (D:8)
  A bat (D:3)
  A bombardier beetle zombie (D:7)
  A kobold (D:9)
  A rat (D:3)
57 creatures vanquished.

Vanquished Creatures (others)
  2 fire bat zombies (Lair:2)
  6 blink frog zombies
  A lindwurm zombie (Lair:3)
  2 dream sheep zombies (Lair:4)
  2 rime drake zombies (Lair:3)
  A wyvern zombie (Lair:3)
  2 water moccasin zombies
  2 yak zombies
  A killer bee (D:8)
  A wolf zombie (Lair:1)
  A howler monkey (D:7)
  A centaur zombie (D:10)
  2 bullfrog zombies
  A basilisk zombie (Lair:3)
  A human zombie (Lair:2)
  A sky beast zombie (D:7)
  A spectral crimson imp (D:7)
  A jelly zombie (D:5)
  3 gnoll zombies
  An endoplasm zombie (D:3)
  A kobold zombie (D:4)
  21 orc zombies
  A quokka zombie (D:10)
  3 river rat zombies (D:10)
59 creatures vanquished.

Grand Total: 429 creatures vanquished

Notes
Turn   | Place    | Note
-------+----------+-------------------------------------------
     0 | D:1      | ImmortalVenerable the Minotaur Fighter began the quest for
                  | the Orb.
     0 | D:1      | Reached XP level 1. HP: 19/19 MP: 0/0
   173 | D:1      | Reached XP level 2. HP: 27/27 MP: 1/1
   177 | D:1      | Reached skill level 3 in Polearms
   636 | D:2      | Reached XP level 3. HP: 32/34 MP: 2/2
   991 | D:2      | Reached skill level 4 in Polearms
  1119 | D:2      | Reached XP level 4. HP: 37/41 MP: 3/3
  1179 | D:2      | Reached skill level 5 in Fighting
  1550 | D:3      | HP: 1/42 [burnt (5)]
  1739 | D:3      | Found a basalt altar of Yredelemnul.
  1762 | D:3      | Became a worshipper of Yredelemnul the Dark
  2060 | D:3      | Reached XP level 5. HP: 46/48 MP: 4/4
  2395 | D:3      | Reached * piety under Yredelemnul
  3037 | D:4      | Noticed Sigmund
  3070 | D:4      | Killed Sigmund
  3071 | D:4      | Reached skill level 5 in Polearms
  3071 | D:4      | Reached XP level 6. HP: 47/58 MP: 5/5
  3473 | D:5      | Entered Level 5 of the Dungeon
  3595 | D:5      | Reached skill level 6 in Polearms
  3677 | D:5      | Found a hide-covered altar of Uskayaw.
  3763 | D:5      | Found an opulent altar of Gozag.
  4037 | D:5      | Reached ** piety under Yredelemnul
  4553 | D:6      | Reached XP level 7. HP: 59/66 MP: 6/6
  4583 | D:6      | Reached skill level 7 in Polearms
  4595 | D:6      | Found Ruociedo's Assorted Antiques.
  4603 | D:6      | Bought an encrusted wooden wand for 84 gold pieces
  4603 | D:6      | Bought an encrusted lead wand for 84 gold pieces
  4603 | D:6      | Bought a knobbly tourmaline ring for 105 gold pieces
  4705 | D:6      | Found a staircase to the Ecumenical Temple.
  4850 | D:6      | Found a snail-covered altar of Cheibriados.
  5186 | D:7      | Reached skill level 8 in Polearms
  5189 | D:7      | Reached XP level 8. HP: 67/75 MP: 7/7
  5467 | D:7      | Reached skill level 5 in Armour
  5518 | D:7      | Reached skill level 9 in Polearms
  5678 | D:7      | Found a runed translucent door.
  5678 | D:7      | Noticed yentook's ghost (novice MiBe)
  5748 | D:7      | Killed yentook's ghost
  5749 | D:7      | Reached skill level 10 in Fighting
  5749 | D:7      | Reached XP level 9. HP: 67/85 MP: 8/8
  6188 | D:8      | Reached skill level 10 in Polearms
  6360 | D:8      | Found a flagged portal.
  6366 | Bailey   | Entered a bailey
  6564 | Bailey   | HP: 4/86 [orc warrior/+2 halberd of electrocution (15)]
  6724 | Bailey   | Acquired a manual of Ranged Weapons
  6878 | D:8      | Found an ancient bone altar of Kikubaaqudgha.
  6887 | D:8      | Reached skill level 1 in Ranged Weapons
  6892 | D:8      | Reached skill level 1 in Dodging
  6928 | D:8      | Found a shadowy altar of Dithmenos.
  7171 | D:8      | Noticed a two-headed ogre
  7176 | D:8      | Killed a two-headed ogre
  7177 | D:8      | Reached skill level 5 in Ranged Weapons
  7177 | D:8      | Reached XP level 10. HP: 53/96 MP: 9/9
  7230 | D:8      | Noticed Prince Ribbit
  7237 | D:8      | Killed Prince Ribbit
  7541 | D:9      | Reached skill level 11 in Polearms
  8168 | D:10     | Entered Level 10 of the Dungeon
  8373 | D:10     | Found a staircase to the Orcish Mines.
  8492 | D:10     | Noticed a death yak
  8493 | D:10     | Noticed a death yak
  8499 | D:10     | Noticed a death yak
  8604 | D:10     | Killed a death yak
  8605 | D:10     | Reached skill level 10 in Ranged Weapons
  8680 | D:10     | Found a staircase to the Lair.
  8713 | D:10     | Found Cyponuro's Jewellery Boutique.
  8734 | D:10     | Found an iron altar of Okawaru.
  8798 | D:10     | Noticed a two-headed ogre
  8805 | D:10     | Killed a two-headed ogre
  8806 | D:10     | Reached skill level 5 in Dodging
  8806 | D:10     | Reached XP level 11. HP: 104/104 MP: 10/10
  9017 | Lair:1   | Entered Level 1 of the Lair of Beasts
  9025 | Lair:1   | Identified the +0 tower shield of Relativism {rN+ Str+3
                  | Dex-5 SInv}
  9030 | Lair:1   | Reached skill level 12 in Polearms
  9216 | Lair:1   | Noticed Grum
  9224 | Lair:1   | Killed Grum
  9333 | Lair:1   | Reached *** piety under Yredelemnul
  9613 | Lair:1   | Reached skill level 1 in Evocations
  9842 | Lair:2   | Noticed a six-headed hydra
  9892 | Lair:2   | Found a hole to the Spider Nest.
  9990 | Lair:2   | Noticed Maggie
 10022 | Lair:2   | Killed Maggie
 10058 | Lair:2   | Your ally Maggie died
 10152 | Lair:2   | Reached **** piety under Yredelemnul
 10162 | Lair:2   | Reached skill level 13 in Polearms
 10192 | Lair:2   | Killed a six-headed hydra
 10203 | Lair:2   | Reached XP level 12. HP: 78/113 MP: 7/11
 10271 | Lair:2   | Noticed Fannar
 10285 | Lair:2   | Killed Fannar
 10448 | Lair:2   | Reached skill level 5 in Evocations
 10814 | Lair:2   | Reached skill level 14 in Polearms
 10935 | Lair:3   | Found a staircase to the Swamp.
 11052 | Lair:3   | Noticed a five-headed hydra
 11060 | Lair:3   | Killed a six-headed hydra
 11106 | Lair:3   | Reached skill level 15 in Polearms
 11176 | Lair:3   | Reached ***** piety under Yredelemnul
 11250 | Lair:3   | Noticed a death yak
 11250 | Lair:3   | Noticed a death yak
 11252 | Lair:3   | Noticed a death yak
 11254 | Lair:3   | Noticed a death yak
 11262 | Lair:3   | Killed a death yak
 11270 | Lair:3   | Killed a death yak
 11274 | Lair:3   | Killed a death yak
 11275 | Lair:3   | Killed a death yak
 11276 | Lair:3   | Reached skill level 16 in Polearms
 11585 | Lair:3   | Noticed an eight-headed hydra
 11591 | Lair:3   | Killed an eight-headed hydra
 11703 | Lair:3   | Noticed a seven-headed hydra
 11710 | Lair:3   | Killed a seven-headed hydra
 11960 | Lair:4   | Reached XP level 13. HP: 76/119 MP: 12/12
 12171 | Lair:4   | Reached ****** piety under Yredelemnul
 12297 | Lair:4   | Noticed Urug
 12312 | Lair:4   | Killed Urug
 12640 | Lair:4   | Reached skill level 1 in Invocations
 12888 | Lair:5   | Entered Level 5 of the Lair of Beasts
 13012 | Lair:4   | Demolished by a death yak

Illustrated notes

Levels and vault maps discovered:
D:1:      dpeg_arrival_arbitrary_a, layout_basic
D:2:      layout_loops_corners
D:3:      layout_loops_ring, mainiacjoe_overflow_alcove_4, portal_sewer_entry_d,
          serial_co_window_serial, co_window_of_opportunity_a,
          co_window_corner_a, co_window_paths_a, co_window_paths_a,
          co_window_of_opportunity_a, co_window_of_opportunity_c,
          co_window_corner_b, co_window_broadway_a, co_window_of_opportunity_b,
          co_window_of_opportunity_b, co_window_unsneaky_path_e,
          co_window_paths_e, glass_columns_b, glass_columns_c, glass_columns_c,
          glass_columns_c
D:4:      layout_basic, uniq_sigmund
D:5:      layout_basic, nicolae_gozag_cash_rules_everything_around_me,
          lemuel_tele_altar
D:6:      layout_basic, mainiacjoe_overflow_catwalk,
          minmay_temple_entry_water_ring, serial_shops, shop,
          serial_library_regret_index_small_wings
D:7:      layout_loops_cross, gammafunk_ghost_grave, minmay_fire_ice_demons
D:8:      layout_gridville, mainiacjoe_overflow_catwalk_spiral, enter_bailey_4,
          kb_lookout_dungeons_type, chequers_jeans, uniq_prince_ribbit1
D:9:      layout_irregular_city, uniq_maurice
D:10:     layout_rooms, mainiacjoe_overflow_cross_hatched, dpeg_lair_monsters,
          david_orc_5, serial_shops, shop
Lair:1:   layout_cave_shapes, uniq_grum
Lair:2:   layout_gridlike, hellmonk_spider_entry_not_the_bees, st_stairs_11,
          minmay_holes, uniq_fannar, uniq_maggie
Lair:3:   layout_cave_pods, minmay_swamp_entry_reptiles
Lair:4:   layout_gridlike, uniq_urug
Lair:5:   evilmike_catoblepas_cave, layout_gridlike,
          minmay_slime_entry_oklob_enclosed

Skill      XL: |  1  2  3  4  5  6  7  8  9 10 11 12 13 |
---------------+----------------------------------------+-----
Fighting       | 4 5 6 7 8 10 11 12 | 12.4
Polearms       | 3 4 5 6 8 9 10 11 13 16 | 16.9
Armour         | 6 7 8 |  8.6
Ranged Weapons | 5 10 14 | 14.5
Dodging        | 2 5 8 9 |  9.4
Evocations     | 4 5 6 |  6.0
Invocations    | 2 |  2.0
Shields        | |  3.6

Action                     |  1- 3 |  4- 6 |  7- 9 | 10-12 | 13-15 || total
---------------------------+-------+-------+-------+-------+-------++-------
  Melee: Trident           |    96 |    97 |   148 |   187 |    22 ||   550
         Headbutt          |     5 |    12 |    22 |    67 |    28 ||   134
         Halberd           |       |       |    60 |   246 |   103 ||   409
         Punch             |       |       |       |     1 |     1 ||     2
   Fire: Orcbow            |       |       |       |     6 |       ||     6
         Arbalest          |       |       |       |     1 |       ||     1
  Throw: Javelin           |       |     8 |     2 |     8 |       ||    18
 Invoke: Recall Undead Har |       |     2 |       |     1 |       ||     3
         Dark Bargain      |       |       |       |     1 |       ||     1
         Bind Soul         |       |       |       |       |     1 ||     1
    Use: Scroll            |     2 |     9 |     8 |     3 |       ||    22
         Potion            |       |     3 |     3 |     4 |     1 ||    11
   Stab: Distracted        |       |       |     2 |     6 |     1 ||     9
 Armour: Scale mail        |    41 |    43 |   110 |    63 |       ||   257
         Leather armour    |       |       |       |   210 |    78 ||   288
         Skin              |       |       |       |    24 |       ||    24
  Dodge: Dodged            |    31 |    30 |    78 |   196 |    57 ||   392
  Block: Buckler           |    19 |    16 |       |    23 |       ||    58
